 Dungeon Crawl Stone Soup version 0.30.1 (webtiles) character file.

Game seed: 4468501524255774696

51 Arctor the Insei (level 3, -6/34 HPs)
             Began as an Octopode Transmuter on July 12, 2023.
             Killed from afar by Jessica (13 damage)
             ... with a bolt of dispelling energy
             ... on level 2 of the Dungeon.
             The game lasted 00:01:30 (1350 turns).

Arctor the Insei (Octopode Transmuter)              Turns: 1350, Time: 00:01:31

Health: -6/34      AC: 21    Str:  9    XL:     3   Next: 83%
Magic:  14/15      EV:  2    Int: 17    God:
Gold:   45         SH:  0    Dex: 12    Spells: 5/6 levels left

rFire   . . .        e - staff of cold
rCold   + . .        (no shield)
rNeg    . . .        (helmet currently unavailable)
rPois   +            (no amulet)
rElec   .            d - ring of magical power
rCorr   .            (no ring)
SInv    .            (no ring)
Will    .....        (no ring)
Stlth   +            (no ring)
HPRegen 0.25/turn    (no ring)
MPRegen 0.14/turn    (no ring)
                     (no ring)

%: no passive effects
@: tree-form (expiring)
A: stationary, stasis, torment immunity, boosted hp, almost no armour,
(amphibious), 8 rings, (camouflage 1), (gelatinous body 1), (nimble swimmer 1),
(tentacles)
a: no special abilities


You were on level 2 of the Dungeon.
You were a tree.
You visited 1 branch of the dungeon, and saw 2 of its levels.

You collected 45 gold pieces.

Inventory:

Magical Staves
 e - a staff of cold (weapon)
Jewellery
 d - a ring of magical power (left branch)
Scrolls
 b - 2 scrolls of enchant armour {unknown}
 f - 2 scrolls of identify {unknown}
 h - a scroll of vulnerability {unknown}
 i - a scroll of enchant weapon {unknown}
Potions
 a - a potion of lignification
 c - a potion of mutation {unknown}
 g - a potion of berserk rage {unknown}


   Skills:
 + Level 1.5 Fighting
 + Level 2.4 Dodging
 + Level 3.2 Unarmed Combat
 + Level 2.3 Spellcasting
 * Level 2.6 Transmutations
 + Level 0.6 Ice Magic


You had 5 spell levels left.
You knew the following spells:

 Your Spells              Type           Power      Damage    Failure   Level
a - Beastly Appendage     Tmut           22%        N/A       6%          1

Your spell library contained the following spells:

 Spells                   Type           Power      Damage    Failure   Level
 Wereblood                Tmut           11%        N/A       10%         2
 Slow                     Hex            8%         N/A       19%         1
 Spider Form              Tmut/Pois      6%         N/A       32%         3
 Confusing Touch          Hex            2%         N/A       50%         3
 Gell's Gravitas          Tloc           2%         N/A       50%         3
 Teleport Other           Tloc           2%         N/A       50%         3
 Vampiric Draining        Necr           2%         2d6       50%         3
 Ice Form                 Ice/Tmut       11%        N/A       67%         4
 Dispersal                Tloc           1%         N/A       100%        6


Dungeon Overview and Level Annotations

Branches:
Dungeon (2/15)

Altars:
Hepliaklqana

Annotations:
D:2 Jessica


Innate Abilities, Weirdness & Mutations

You are a tree.
Your roots penetrate the ground, keeping you stationary.
You cannot be teleported.
You are immune to unholy pain and torment.
Your maximum health is greatly increased.
You cannot wear most types of armour.
((You are amphibious.))
You can wear up to eight rings at the same time.
((Your skin changes colour to match your surroundings (Stealth+).))
((Your rubbery body absorbs attacks. (AC +1, EV +1)))
((You are camouflaged when in or above water. (Stealth+)))
((You have tentacles for arms and can constrict up to eight enemies at once.))


Message History

An endoplasm is nearby!
You hit the endoplasm. You squeeze the endoplasm.
You kill the endoplasm!
One of your tentacles grows a vicious spike.
No target in view!
No target in view!
No target in view!
Your transformation is almost over.
Found a hazy altar of Hepliaklqana.
You now have 36 gold pieces (gained 11).
You now have 45 gold pieces (gained 9).
Your tentacle spike disappears.
Key pressed, stopping explore.
No target in view!
You pick up a book of Debilitation and begin reading...
You add the spells Slow, Vampiric Draining and Confusing Touch to your library.
No target in view!
You open the door.
Jessica the Apprentice Sorceress comes into view.
She is wielding a +3 dagger of speed and carrying a wand of quicksilver (11).
One of your tentacles grows a vicious spike.
Okay, then.
Jessica is nearby!
You extend your transformation's duration.
Jessica shouts!
Jessica zaps a wand.
The bolt of dispelling energy hits you!
Your magical effects are unravelling.
Ouch! That really hurt!
You are too injured to fight recklessly!
You are too injured to fight recklessly!
Really quaff the potion of lignification?
Your tentacle spike disappears.
You turn into a tree.
Your roots penetrate the ground.
Jessica says, "I'm really upset."
You hit Jessica.
Jessica is lightly wounded.
Jessica hits you with a +3 dagger of speed.
* * * LOW HITPOINT WARNING * * *
Jessica zaps a wand.
The bolt of dispelling energy hits you!
Your magical effects are unravelling.
You die...

###'##### #.# #.# #.#
#.####### ###........
.....######
.....###################
................♣@......
.....#################.#
.....# ....## ....#
....# ._..# ....# ....#


You could see Jessica.

Vanquished Creatures
  An adder (D:2)
  2 dart slugs (D:1)
  5 endoplasms
  A giant cockroach (D:1)
  3 goblins
  3 hobgoblins
  3 jackals (D:1)
  A quokka (D:2)
  5 ball pythons
  5 bats (D:1)
  3 frilled lizards
  2 kobolds
  3 rats
37 creatures vanquished.

Notes
Turn   | Place    | Note
-------+----------+-------------------------------------------
     0 | D:1      | Arctor the Octopode Transmuter began the quest for the Orb.
     0 | D:1      | Reached XP level 1. HP: 13/13 MP: 3/3
    37 | D:1      | You fall into a shaft and drop 1 floor!
    81 | D:2      | Reached XP level 2. HP: 14/18 MP: 3/5
   305 | D:1      | Found a faded altar of an unknown god.
   422 | D:1      | Reached XP level 3. HP: 23/23 MP: 6/6
  1308 | D:2      | Found a hazy altar of Hepliaklqana.
  1342 | D:2      | Noticed Jessica
  1350 | D:2      | Killed from afar by Jessica

Illustrated notes

Levels and vault maps discovered:
D:1:      dpeg_arrival_stone_temple_mockup, layout_basic,
          shapermc_ecumenical_altar_pompeii
D:2:      minmay_angry_zag, layout_basic, basic_altar, uniq_jessica

Action                     || total
---------------------------++-------
  Melee: Unarmed           ||    55
         Constrict         ||    16
         Kick              ||    14
         Tentacles         ||    11
         Punch             ||     2
         Staff             ||    17
   Cast: Beastly Appendage ||    34
    Use: Potion            ||     1
   Stab: Sleeping          ||     6
 Armour: Skin              ||     5
  Dodge: Dodged            ||    36
